 Dungeon Crawl Stone Soup version 0.31.0-32-g396128a36d (webtiles) character file.

Game seed: 4036718605898990393

19522 hawla the Carver (level 12, -6/97 (100) HPs)
             Began as a Minotaur Gladiator on Apr 18, 2024.
             Was an Initiate of Yredelemnul.
             Mangled by an orc warrior
             ... wielding a +0 dire flail
             ... led by an orc warlord
              (21 damage)
             ... on level 1 of the Orcish Mines.
             The game lasted 00:35:57 (12695 turns).

hawla the Carver (Minotaur Gladiator)              Turns: 12695, Time: 00:35:58

HP:   -6/97 (100)   AC: 14    Str: 19    XL:     12   Next: 37%
MP:   18/18         EV: 15    Int:  2    God:    Yredelemnul [......]
Gold: 175           SH:  0    Dex: 23    Spells: 11/11 levels left

rFire   . . .        g - +5 woodcutter's axe
rCold   + . .        (shield currently unavailable)
rNeg    + + .        A - +3 scale mail "Qoocwyedd" {+Inv rC+ rN++ Int-3}
rPois   .            i - +1 hat {Stlth+}
rElec   .            I - scarf {repulsion}
rCorr   .            (no gloves)
SInv    .            o - +0 pair of boots
Will    .....        p - amulet of regeneration
Stlth   ++           K - +6 ring of dexterity
HPRegen 1.16/turn    x - ring of flight
MPRegen 0.16/turn

%: repel missiles
@: flying, lightly drained
A: horns 2, retaliatory headbutt
a: Renounce Religion, Evoke Invisibility, Recall Undead Harvest


You were on level 1 of the Orcish Mines.
You worshipped Yredelemnul.
Yredelemnul was aware of your devotion.
You visited 3 branches of the dungeon, and saw 14 of its levels.
You visited 1 bazaar.

You collected 686 gold pieces.
You spent 511 gold pieces at shops.

Inventory:

Hand Weapons
 g - the +5 woodcutter's axe (weapon)
   (You found it on level 8 of the Dungeon)
 u - the +7 long sword of Collusion {flame, Int+5}
   (You found it on level 3 of the Dungeon)

   Int+5:     It affects your intelligence (+5).
Missiles
 d - 3 throwing nets
 h - 71 poisoned darts (quivered)
 O - 2 curare-tipped darts
Armour
 i - a +1 hat of stealth (worn)
 o - a +0 pair of boots (worn)
 z - a +0 buckler
 A - the +3 scale mail "Qoocwyedd" (worn) {+Inv rC+ rN++ Int-3}
   (You found it on level 6 of the Dungeon)

   Int-3:     It affects your intelligence (-3).
   rC+:       It protects you from cold.
   rN++:      It greatly protects you from negative energy.
   +Inv:      It lets you turn invisible.
 I - a scarf of repulsion (worn)
Jewellery
 a - a ring of willpower
 p - an amulet of regeneration (around neck)
 x - a ring of flight (right hand)
 y - a +4 ring of protection
 H - a ring of ice
 K - a +6 ring of dexterity (left hand)
Wands
 f - a wand of iceblast (4)
 B - a wand of paralysis (10)
 L - a wand of polymorph (5)
Scrolls
 b - a scroll of fog
 j - a scroll of torment
 l - 8 scrolls of teleportation
 n - 2 scrolls of enchant weapon
 t - a scroll of poison
 v - a scroll of silence
 C - 2 scrolls of brand weapon
 F - 2 scrolls of summoning
 M - a scroll of fear {unknown}
 N - 2 scrolls of identify
Potions
 e - 2 potions of magic
 k - 4 potions of might
 m - a potion of brilliance
 q - 3 potions of attraction
 r - 3 potions of lignification {unknown}
 s - a potion of invisibility {unknown}
 w - 2 potions of curing
 D - a potion of mutation {unknown}
 E - 2 potions of enlightenment
 J - 2 potions of berserk rage {unknown}


   Skills:
 - Level 7.0 Fighting
 - Level 14.0 Long Blades
 - Level 6.0 Throwing
 - Level 10.0 Armour
 - Level 7.0 Dodging
 - Level 5.0 Shields
 + Level 10.4 Invocations
 - Level 3.0 Evocations


You had 11 spell levels left.
You didn't know any spells.
Your spell library was empty.

Dungeon Overview and Level Annotations

Branches:
Dungeon (11/15)            Temple (1/1) D:4            Lair (0/5) D:11
    Orc (2/2) D:11
    Elf: Orc:2

Altars:
Ashenzari
Cheibriados
Dithmenos
Elyvilon
Fedhas
Gozag
Hepliaklqana
Kikubaaqudgha
Makhleb
Nemelex Xobeh
Okawaru
Qazlal
Ru
Sif Muna
Trog
Uskayaw
Vehumet
Wu Jian
Xom
Yredelemnul
Zin
The Shining One

Shops:
D:4 !   D:7 *   D:11 ?([[


Innate Abilities, Weirdness & Mutations

You have a pair of horns on your head.
You reflexively headbutt those who attack you in melee.


Message History

An orc warrior comes into view. It is wielding a +0 war axe.
There is a stone staircase leading down here.
The orc warrior shouts!
The orc shouts!
An orc priest comes into view. It is wielding a +0 hand axe.
An orc warrior comes into view. It is wielding a +0 dire flail.
The orc warrior shouts!
The orc priest shouts!
You hear a shout! x3
An orc comes into view. It is wielding a +0 dagger.
An orc warlord comes into view.
It is wielding a +0 great mace and wearing a +1 chain mail of cold resistance.
The orc shouts!
You hear two shouts!
You hear a shout!
The orc warrior shouts!
The orc warlord shouts!
You hear a shout!
You hear a shout! x2
An orc warrior comes into view. It is wielding a +0 dire flail.
The orc warlord roars a battlecry!
The orcs go into a battle-frenzy!
An ogre comes into view. It is wielding a +0 giant spiked club.
The orc warlord roars a battlecry!
A warg comes into view.
You are too injured to fight recklessly!
You slice the ogre!!
The ogre is severely wounded.
The orc priest invokes the aid of Beogh against you.
Beogh smites you!
* * * LOW HITPOINT WARNING * * *
An orc warrior comes into view. It is wielding a +0 dire flail.
The ogre hits you but does no damage.
You hear a shout!
You slice the orc!!
You kill the orc!
You hit the ogre.
You hear two shouts!
An orc warrior comes into view. It is wielding a +0 hand axe.
You hit the orc warrior.
The orc warrior is lightly wounded.
You hit the ogre. The ogre misses you.
The orc priest calls down the wrath of Beogh upon you.
Beogh smites you!
* * * LOW HITPOINT WARNING * * *
The orc warrior hits you with a +0 dire flail!!
You die...
Your body rises from the dead as a mindless zombie.

.....
....
###.oo
###..ho
##....oo
#....oo#
#...Oo#
#@# ###


You could see an orc warlord, a warg, 4 orc warriors, an ogre, an orc priest
(strong) and 2 orcs.

Vanquished Creatures
  Gastronok (D:8)
  2 two-headed ogres
  Pikel (D:7)
  An orc sorcerer (Orc:2)
  A cyclops (D:11)
  An elephant (D:11)
  2 kobold demonologists
  2 unseen horrors (D:11)
  3 shadows
  A vampire (D:11)
  2 wyverns
  29 yaks
  A wraith (D:9)
  Grum (D:7)
  6 wargs (Orc:2)
  2 steam dragons
  2 water moccasins
  Duvessa (D:7)
  An acid dragon (D:11)
  A swamp drake (D:11)
  5 orc warriors
  An ogre (Orc:1)
  2 black bears
  4 wolves
  4 boggarts (D:9)
  5 centaurs
  A lemure (D:7)
  12 kobold brigands
  5 scorpions
  4 gnoll sergeants
  A weeping skull (D:8)
  6 wights
  Dowan (D:7)
  16 killer bees
  5 howler monkeys
  5 electric eels (D:10)
  2 crimson imps (D:9)
  7 bombardier beetles
  2 gnoll boudas (D:8)
  4 hounds
  3 jellies
  6 orc priests
  A sleepcap (D:6)
  Terence (D:3)
  4 iguanas
  12 orc wizards
  22 gnolls
  6 adders
  5 white imps
  3 dart slugs
  36 orcs
  4 bats
  4 endoplasms (D:1)
  2 giant cockroaches
  8 hobgoblins
  4 jackals
  4 quokkas
  4 ball pythons
  2 frilled lizards
  7 goblins
  18 kobolds
  2 rats
  A spectral orc (D:8)
312 creatures vanquished.

Vanquished Creatures (collateral kills)
  A manticore (D:11)
  A warg (Orc:2)
  5 yaks
  An ogre (Orc:2)
  A bullfrog (D:11)
  A gnoll sergeant (D:8)
  A wight (D:9)
  2 killer bees (D:9)
  5 orc wizards
  2 gnolls (D:8)
  9 orcs
  2 kobolds (D:11)
31 creatures vanquished.

Vanquished Creatures (others)
  An arcanist (D:6)
  An unseen horror zombie (D:11)
  A spectral kobold (Orc:2)
  2 warg zombies (Orc:2)
  4 yak zombies (D:9)
  A centaur zombie (D:10)
  9 killer bee zombies (D:9)
  2 orcs (D:10)
  4 kobold zombies (D:9)
  8 orc zombies
33 creatures vanquished.

Grand Total: 376 creatures vanquished

Notes
Turn   | Place    | Note
-------+----------+-------------------------------------------
     0 | D:1      | hawla the Minotaur Gladiator began the quest for the Orb.
     0 | D:1      | Reached XP level 1. HP: 18/18 MP: 0/0
   105 | D:1      | Reached skill level 4 in Long Blades
   188 | D:1      | Reached XP level 2. HP: 16/25 MP: 1/1
   549 | D:1      | Reached skill level 5 in Long Blades
   666 | D:1      | You fall into a shaft and drop 1 floor!
   803 | D:2      | Reached XP level 3. HP: 30/30 MP: 2/2
  1064 | D:2      | Found a faded altar of an unknown god.
  1466 | D:3      | Reached skill level 6 in Long Blades
  1466 | D:3      | Reached XP level 4. HP: 22/37 MP: 3/3
  1991 | D:3      | Identified the +7 long sword of Collusion {flame, Int+5}
  2126 | D:3      | Noticed Terence
  2130 | D:3      | Killed Terence
  2307 | D:4      | Reached skill level 7 in Long Blades
  2307 | D:4      | Reached XP level 5. HP: 28/42 MP: 4/4
  2604 | D:4      | Found a staircase to the Ecumenical Temple.
  2630 | D:4      | Reached skill level 8 in Long Blades
  2631 | D:4      | Reached XP level 6. HP: 50/50 MP: 5/5
  2728 | D:4      | Found Uhots's Distillery.
  2731 | D:4      | Bought a potion of curing for 30 gold pieces
  2731 | D:4      | Bought a potion of curing for 30 gold pieces
  2731 | D:4      | Bought a potion of heal wounds for 50 gold pieces
  2887 | D:4      | Found a snail-covered altar of Cheibriados.
  3031 | D:5      | Entered Level 5 of the Dungeon
  3303 | D:5      | Reached skill level 9 in Long Blades
  3501 | D:5      | Reached XP level 7. HP: 56/56 MP: 6/6
  3508 | D:5      | Found an iron altar of Okawaru.
  3510 | D:5      | Found a white marble altar of Elyvilon.
  3523 | D:5      | Reached skill level 10 in Long Blades
  3886 | D:6      | Reached skill level 11 in Long Blades
  4218 | D:6      | Identified the +3 scale mail "Qoocwyedd" {+Inv rC+ rN++
                  | Int-3}
  4345 | D:6      | Found a bloodstained altar of Trog.
  4346 | D:6      | Noticed a wizard
  4352 | D:6      | Reached XP level 8. HP: 62/62 MP: 7/7
  4352 | D:6      | Killed a wizard
  4413 | D:6      | Reached skill level 12 in Long Blades
  4680 | D:6      | Found an opulent altar of Gozag.
  4818 | D:6      | Reached skill level 13 in Long Blades
  5085 | D:6      | Found an ornate altar of the Wu Jian Council.
  5121 | D:7      | Found Vonk's General Store.
  5126 | D:7      | Bought a scroll of identify for 26 gold pieces
  5126 | D:7      | Bought a scroll of identify for 26 gold pieces
  5126 | D:7      | Bought a scroll of teleportation for 39 gold pieces
  5248 | D:7      | Reached skill level 14 in Long Blades
  5252 | D:7      | Reached XP level 9. HP: 28/68 MP: 8/8
  5586 | D:7      | Noticed Duvessa
  5589 | D:7      | Noticed Dowan
  5592 | D:7      | Killed Duvessa
  5595 | D:7      | Killed Dowan
  5629 | D:7      | Reached skill level 5 in Armour
  5948 | D:7      | Noticed Pikel
  5960 | D:7      | Killed Pikel
  6014 | D:7      | Found a shimmering blue altar of Sif Muna.
  6536 | D:8      | Reached skill level 1 in Shields
  6568 | D:8      | Found a blossoming altar of Fedhas.
  6639 | D:8      | Reached XP level 10. HP: 31/74 MP: 9/9
  6735 | Temple   | Entered the Ecumenical Temple
  6877 | D:8      | Noticed Grum
  7127 | D:8      | Reached skill level 10 in Armour
  7139 | D:7      | Killed Grum
  7140 | D:7      | Reached skill level 5 in Shields
  7617 | D:8      | Reached skill level 1 in Evocations
  7642 | D:8      | Found the +5 woodcutter's axe
  7940 | D:8      | Noticed Gastronok
  7966 | D:8      | Killed Gastronok
  8171 | D:8      | Found a basalt altar of Yredelemnul.
  8189 | D:8      | Became a worshipper of Yredelemnul the Dark
  8509 | D:9      | Reached skill level 5 in Dodging
  8520 | D:9      | Reached * piety under Yredelemnul
  8520 | D:9      | Reached skill level 5 in Fighting
  8838 | D:9      | Reached skill level 5 in Throwing
  8840 | D:9      | Reached XP level 11. HP: 81/89 MP: 10/10
  8922 | D:9      | Noticed a two-headed ogre
  9105 | D:9      | Reached ** piety under Yredelemnul
  9171 | D:9      | Reached *** piety under Yredelemnul
  9204 | D:9      | Noticed a two-headed ogre
  9454 | D:9      | Reached skill level 1 in Invocations
  9633 | D:9      | Killed a two-headed ogre
  9747 | D:9      | Found a shimmering altar of Xom.
  9842 | D:10     | Entered Level 10 of the Dungeon
 10337 | D:10     | Found a hazy altar of Hepliaklqana.
 10353 | D:10     | Found a glowing golden altar of the Shining One.
 10523 | D:10     | Reached skill level 5 in Invocations
 10907 | D:11     | Found Dupsuv's Armour Boutique.
 10925 | D:11     | Found Qelaiz's Magic Scroll Shop.
 10932 | D:11     | Noticed a two-headed ogre
 10938 | D:11     | Killed a two-headed ogre
 10939 | D:11     | Found a flickering gateway to a bazaar.
 10978 | D:11     | Found Poomi's Antique Weapon Shop.
 11000 | Bazaar   | Entered a bazaar
 11016 | Bazaar   | Found Iproejag's Antique Weapon Emporium.
 11017 | Bazaar   | Found Supiaq's Assorted Antiques.
 11026 | Bazaar   | Bought a yellow potion for 18 gold pieces
 11059 | Bazaar   | Found Lesish's Distillery.
 11059 | Bazaar   | Found Rupuc's Assorted Antiques.
 11067 | Bazaar   | Bought a potion of curing for 36 gold pieces
 11067 | Bazaar   | Bought a potion of curing for 36 gold pieces
 11067 | Bazaar   | Bought a potion of might for 48 gold pieces
 11067 | Bazaar   | Bought a potion of heal wounds for 60 gold pieces
 11081 | Bazaar   | Bought a scroll of teleportation for 48 gold pieces
 11081 | Bazaar   | Bought a jewelled ivory wand for 64 gold pieces
 11402 | D:11     | Found Peytuewk's Antique Armour Shop.
 11419 | D:11     | Reached **** piety under Yredelemnul
 11458 | D:11     | Reached ***** piety under Yredelemnul
 11459 | D:11     | Reached XP level 12. HP: 100/100 MP: 15/17
 11554 | D:11     | Found a staircase to the Lair.
 11746 | D:11     | Found a staircase to the Orcish Mines.
 11747 | D:11     | Reached ****** piety under Yredelemnul
 12249 | Orc:1    | Entered Level 1 of the Orcish Mines
 12275 | Orc:1    | Noticed a two-headed ogre
 12277 | Orc:1    | Noticed a two-headed ogre
 12277 | Orc:1    | Noticed a two-headed ogre
 12278 | Orc:1    | Noticed a two-headed ogre
 12278 | Orc:1    | Noticed an ogre mage
 12591 | Orc:2    | Entered Level 2 of the Orcish Mines
 12629 | Orc:2    | Reached skill level 10 in Invocations
 12690 | Orc:1    | Noticed an orc warlord
 12695 | Orc:1    | Mangled by an orc warrior

Illustrated notes

Levels and vault maps discovered:
D:1:      scummos_arrival_forest, layout_loops_ring
D:2:      layout_loops_cross, shapermc_ecumenical_altar_notcrosses,
          hangedman_decor_points
D:3:      layout_basic, kennysheep_generic_room_13, uniq_terence
D:4:      layout_loops_cross, chei_slow_surprise,
          minmay_temple_entry_drinking_statues, serial_shops,
          nicolae_shop_tiny_real_fake_doors
D:5:      layout_loops_ring, lemuel_tele_altar, mainiacjoe_overflow_chevrons,
          minmay_misc_feat_rugged
D:6:      layout_loops_ring, mainiacjoe_overflow_concentric_impassable,
          trog_wizard, nicolae_wu_jian_glorious_leap
D:7:      layout_loops_ring, led_sif_book, serial_shops, shop, fountainhead,
          hex_large, uniq_duvessa, uniq_pikel
D:8:      layout_loops_corners, fedhas_ov_isle_minmay,
          yredelemnul_forgotten_temple_becter, minmay_statues_item,
          pf_guarded_unrand_woodcutter, uniq_gastronok, uniq_grum
D:9:      layout_irregular_city, led_xom_imps, grunt_potential
D:10:     layout_gridville, tso_metal_star, nzn_hepliaklqana_mist_gate,
          kennysheep_boxes
D:11:     layout_long_grid, grunt_lair_entry_orc_guard_hut, erik_orc_1,
          special_room [special_room_kobold], serial_shops, bzr_entry_gold,
          shop, shop, nicolae_shop_behind_doors, shop
Temple:   compressed_dpeg_circular_temple
Orc:1:    lemuel_ogre_cave, layout_diamond_mine
Orc:2:    st_orc_town, layout_caves, bh_open_orc_temple

Skill      XL: |  1  2  3  4  5  6  7  8  9 10 11 12 |
---------------+-------------------------------------+-----
Long Blades    | 4 5 6 7 8 9 11 14 | 14.0
Armour         | 2 9 10 | 10.0
Shields        | 3 5 |  5.0
Evocations     | 3 |  3.0
Fighting       | 6 7 |  7.0
Throwing       | 5 6 |  6.0
Dodging        | 5 7 |  7.0
Invocations    | 8 10 | 10.4

Action                     |  1- 3 |  4- 6 |  7- 9 | 10-12 || total
---------------------------+-------+-------+-------+-------++-------
  Melee: Long sword        |    84 |    72 |   197 |   421 ||   774
         Headbutt          |    11 |    10 |    36 |   102 ||   159
         Punch             |     2 |       |     2 |       ||     4
         Battleaxe         |       |       |       |    38 ||    38
  Throw: Dart              |       |       |    14 |     3 ||    17
         Throwing net      |       |       |     2 |       ||     2
 Invoke: Recall Undead Har |       |       |       |     6 ||     6
         Bind Soul         |       |       |       |     1 ||     1
  Evoke: Wand              |       |       |     3 |    14 ||    17
    Use: Scroll            |     6 |     2 |     6 |    12 ||    26
         Potion            |       |     2 |     4 |     7 ||    13
   Stab: Distracted        |       |       |     1 |     3 ||     4
         Paralysed         |       |       |     2 |     3 ||     5
         Held in net/web   |       |       |     1 |       ||     1
 Armour: Leather armour    |    43 |    33 |    33 |       ||   109
         Scale mail        |       |       |   112 |   365 ||   477
  Dodge: Dodged            |    51 |    49 |   103 |   318 ||   521
         Repelled          |       |       |       |     2 ||     2
  Block: Buckler           |       |       |     8 |   151 ||   159
